 Dungeon Crawl Stone Soup version 0.29.1-15-g9cfb28693d (webtiles) character file.

Game seed: 14166008904398479823

14601 devnull the Spear-Bearer (level 12, -3/145 HPs)
             Began as a Merfolk Gladiator on Mar 25, 2023.
             Was a Priest of Zin.
             Slain by a harpy simulacrum (8 damage)
             ... led by a necromancer
             ... on level 3 of the Abyss.
             The game lasted 00:41:30 (14909 turns).

devnull the Spear-Bearer (Merfolk Gladiator)       Turns: 14909, Time: 00:41:31

Health: -3/145     AC: 26    Str: 19    XL:     12   Next: 18%
Magic:  18/18      EV:  2    Int:  8    God:    Zin [***...]
Gold:   559        SH:  0    Dex: 15    Spells: 11/11 levels left

rFire   . . .      SeeInvis .   a - +0 trident (elec)
rCold   + . .      Faith    .   (no shield)
rNeg    . . .      Spirit   .   (body armour currently unavailable)
rPois   +          Reflect  .   (helmet currently unavailable)
rElec   .          Harm     .   (cloak currently unavailable)
rCorr   .          Rampage  .   (gloves currently unavailable)
Will    .....      NoTele   +   (boots currently unavailable)
Stlth   +.........              (no amulet)
HPRegen 0.34/turn               K - ring of protection from cold
MPRegen 0.16/turn               (no ring)

@: mighty, tree-form
A: stationary, stasis, torment immunity, boosted hp, (nimble swimmer 2),
(mertail)
a: Renounce Religion, Recite, Vitalisation, Imprison, Donate Gold


You were on level 3 of the Abyss.
You worshipped Zin.
Zin was most pleased with you.
You were a tree.
You visited 2 branches of the dungeon, and saw 11 of its levels.
You visited the Abyss 1 time.
You also visited: Bailey.

You collected 619 gold pieces.
You donated 60 gold pieces to Zin.

Inventory:

Hand Weapons
 a - a +0 trident of electrocution (weapon)
 b - a +1 scimitar of holy wrath
 I - the +1 hand axe "Jiklofaf" {venom, +Blink Will- Dex+4 SInv}
   (You found it on level 7 of the Dungeon)

   It poisons the flesh of those it strikes.
   Dex:       It affects your dexterity (+4).
   SInv:      It lets you see invisible.
   +Blink:    It lets you blink.
   Will:      It decreases your willpower.
Missiles
 d - a throwing net
 e - a javelin
 p - 17 poisoned darts (quivered)
 A - 10 boomerangs
 H - 3 atropa-tipped darts
Armour
 c - a +1 cloak (melded)
 o - a +1 pair of gloves of hurling (melded)
 t - a +0 leather armour (melded)
 R - a +2 hat of see invisible (melded)
Jewellery
 r - a ring of magical power
 w - a ring of resist corrosion
 z - an amulet of guardian spirit
 K - a ring of protection from cold (left branch)
Wands
 y - a wand of iceblast (18)
 B - a wand of flame (36)
 C - a wand of quicksilver (9)
 N - a wand of charming (12)
Scrolls
 g - 2 scrolls of brand weapon
 j - 3 scrolls of enchant weapon
 s - a scroll of magic mapping
 x - 4 scrolls of teleportation
 E - 4 scrolls of fear
 J - a scroll of poison {unknown}
 L - a scroll of summoning {unknown}
 M - a scroll of blinking {unknown}
 P - a scroll of identify
Potions
 f - 4 potions of lignification
 h - 2 potions of berserk rage {unknown}
 i - a potion of ambrosia {unknown}
 k - 3 potions of attraction {unknown}
 l - 3 potions of heal wounds {unknown}
 m - 9 potions of curing
 n - 4 potions of haste {unknown}
 q - a potion of magic {unknown}
 v - 2 potions of degeneration {unknown}
 D - 3 potions of brilliance
 G - 3 potions of invisibility {unknown}
 O - a potion of flight {unknown}


   Skills:
 - Level 10.0 Fighting
 - Level 14.0 Polearms
 - Level 5.0 Throwing
 - Level 14.0 Dodging
 + Level 8.8 Invocations


You had 11 spell levels left.
You didn't know any spells.
Your spell library contained the following spells:

 Spells                   Type           Power      Damage    Failure   Level
 Magic Dart               Conj           0%         1d3       41%         1
 Sting                    Tmut/Pois      0%         1d3       41%         1
 Call Imp                 Summ           0%         N/A       54%         2
 Poisonous Vapours        Pois/Air       0%         N/A       54%         2
 Static Discharge         Conj/Air       0%         3-3/arc   54%         2
 Gell's Gravitas          Tloc           0%         N/A       78%         3
 Mephitic Cloud           Conj/Pois/Air  0%         N/A       78%         3
 Teleport Other           Tloc           0%         N/A       78%         3
 Dispel Undead            Necr           0%         3d6       99%         4
 Hailstorm                Conj/Ice       0%         3d3       99%         4
 Ice Form                 Ice/Tmut       0%         N/A       99%         4
 Olgreb's Toxic Radiance  Pois           0%         N/A       99%         4
 Sticky Flame             Conj/Fire      0%         2d3       99%         4
 Dispersal                Tloc           0%         N/A       100%        6
 Simulacrum               Ice/Necr       0%         N/A       100%        6


Dungeon Overview and Level Annotations

Branches:
Dungeon (10/15)            Temple (1/1) D:4             Orc (0/2) D:10
 Bailey (visited)
   Lair: D:8-11

Altars:
Ashenzari
Cheibriados
Dithmenos
Elyvilon
Fedhas
Gozag
Hepliaklqana
Kikubaaqudgha
Makhleb
Nemelex Xobeh
Okawaru
Qazlal
Ru
Sif Muna
Trog
Uskayaw
Vehumet
Wu Jian
Xom
Yredelemnul
Zin
The Shining One


Innate Abilities, Weirdness & Mutations

You are a tree.
Your roots penetrate the ground, keeping you stationary.
You cannot be teleported.
You are immune to unholy pain and torment.
Your maximum health is greatly increased.
Your equipment is partially melded.
((You are very nimble when in or above water. (Stealth+, EV+, Speed+++)))
((Your lower body shifts to a powerful aquatic tail in water.))


Message History

Your body is wracked with pain!
* * * LOW HITPOINT WARNING * * *
You hear a shout!
Okay, then.
Okay, then.
You feel very mighty all of a sudden.
A harpy simulacrum comes into view.
A balrug comes into view.
It is wielding a +2 demon whip of draining.
As you read the scroll labelled ULATATHRIEXU, it crumbles to dust.
The scroll dissolves into smoke.
It was a scroll of fog.
The shard shrike simulacrum misses you. x2
The shard shrike simulacrum attacks as you move away!
The shard shrike simulacrum claws you but does no damage.
The shard shrike simulacrum claws you.
* * * LOW HITPOINT WARNING * * *
The shard shrike simulacrum freezes you!
You resist.
* * * LOW HITPOINT WARNING * * *
The shard shrike simulacrum claws you.
* * * LOW HITPOINT WARNING * * *
The shard shrike simulacrum freezes you!!
You resist. Zin protects you from harm!
It was a potion of lignification.
You turn into a tree.
Your +1 cloak melds into your body.
Your +2 hat of see invisible melds into your body.
Your +1 pair of gloves of hurling melds into your body.
Your +0 leather armour melds into your body.
You feel less perceptive.
Your aim is not that steady anymore.
Your roots penetrate the ground.
Zin forgives your inadvertent chaotic act, just this once.
The shard shrike simulacrum claws you but does no damage.
The harpy simulacrum claws you.
* * * LOW HITPOINT WARNING * * *
The harpy simulacrum freezes you! You resist.
* * * LOW HITPOINT WARNING * * *
The harpy simulacrum claws you.
* * * LOW HITPOINT WARNING * * *
The harpy simulacrum freezes you! You resist.
You die...

... . §.
.X##..
.....
#..# ##.#
#..#
####§##
#..§§§#
#.#.##♣#
#.#ZZ#
#..§#2#
#..§p§#
#...##§§§
..#..
#....
....
#Z#..2
##Z ..
#... .#
#. ..#


You could see a balrug, a harpy simulacrum and a shard shrike simulacrum.

Vanquished Creatures
  Gastronok (D:9)
  2 vault guards (Bailey)
  A two-headed ogre (D:10)
  Pikel (D:4)
  A wolf spider (D:10)
  2 cyclopes
  Joseph (D:9)
  Maurice (D:8)
  An unseen horror (D:10)
  A tengu conjurer (D:10)
  A kobold demonologist (D:10)
  Prince Ribbit (D:5)
  A slime creature (D:10)
  A blink frog (Bailey)
  2 wraiths
  A shadow (D:10)
  7 yaks
  Eustachio (D:4)
  8 humans (Bailey)
  A steam dragon (D:8)
  2 small abominations (Abyss:3)
  3 acid dragons
  A water moccasin (D:4)
  3 ice beasts
  5 orc warriors
  An ogre (D:5)
  3 black bears
  7 centaurs
  A kobold brigand (D:6)
  10 bullfrogs
  A necrophage (D:7)
  2 scorpions
  2 gnoll sergeants
  8 wights
  9 killer bees
  The ghost of nshep25 the Slasher, a weakling DsGl (D:3)
  A howler monkey (D:9)
  6 orc priests
  2 hounds
  6 jellies
  5 iguanas
  4 orc wizards
  11 gnolls
  14 adders
  A shadow imp (D:5)
  3 white imps
  A dart slug (D:4)
  33 orcs
  9 ball pythons
  7 endoplasms
  3 giant cockroaches
  2 goblins (Bailey)
  7 hobgoblins
  4 jackals (D:4)
  2 quokkas
  6 bats
  2 frilled lizards
  12 kobolds
  4 rats
240 creatures vanquished.

Vanquished Creatures (others)
  9 starspawn tentacles (Abyss:3)
9 creatures vanquished.

Grand Total: 249 creatures vanquished

Notes
Turn   | Place    | Note
-------+----------+-------------------------------------------
     0 | D:1      | devnull the Merfolk Gladiator began the quest for the Orb.
     0 | D:1      | Reached XP level 1. HP: 16/16 MP: 1/1
   222 | D:1      | Found a faded altar of an unknown god.
   494 | D:1      | Reached XP level 2. HP: 21/22 MP: 2/2
   816 | D:1      | Reached skill level 5 in Polearms
  1193 | D:2      | Reached XP level 3. HP: 14/27 MP: 3/3
  1900 | D:2      | Reached XP level 4. HP: 33/33 MP: 4/4
  2632 | D:3      | Reached XP level 5. HP: 31/38 MP: 5/5
  2965 | D:3      | Found a hide-covered altar of Uskayaw.
  3039 | D:3      | Found a runed translucent gate.
  3039 | D:3      | Found a runed translucent gate.
  3051 | D:3      | Found a runed translucent gate.
  3053 | D:3      | Found an opulent altar of Gozag.
  3376 | D:3      | Noticed nshep25's ghost (weakling DsGl)
  3424 | D:4      | Noticed an ice beast
  3434 | D:4      | Found a staircase to the Ecumenical Temple.
  3445 | Temple   | Entered the Ecumenical Temple
  3696 | Temple   | Became a worshipper of Zin the Law-Giver
  3696 | Temple   | Reached * piety under Zin
  3956 | D:4      | Reached XP level 6. HP: 44/44 MP: 6/6
  4209 | D:4      | Noticed Eustachio
  4249 | D:4      | Killed Eustachio
  4507 | D:4      | Reached skill level 10 in Polearms
  4509 | D:4      | Reached XP level 7. HP: 50/50 MP: 7/7
  4645 | D:4      | Noticed Pikel
  4663 | D:4      | Killed Pikel
  4664 | D:4      | Reached XP level 8. HP: 32/56 MP: 8/8
  5425 | D:5      | Entered Level 5 of the Dungeon
  5488 | D:5      | Noticed Prince Ribbit
  5495 | D:5      | Killed Prince Ribbit
  6032 | D:5      | Reached ** piety under Zin
  6085 | D:5      | Reached XP level 9. HP: 61/61 MP: 9/9
  6501 | D:3      | Killed nshep25's ghost
  6701 | D:6      | Reached skill level 10 in Dodging
  7123 | D:6      | Found a basalt altar of Yredelemnul.
  7123 | D:6      | Found a snail-covered altar of Cheibriados.
  7131 | D:6      | Found a hazy altar of Hepliaklqana.
  7133 | D:6      | Found a sparkling altar of Nemelex Xobeh.
  7135 | D:6      | Found a faded altar of an unknown god.
  7738 | D:7      | Reached skill level 5 in Fighting
  7960 | D:7      | Found a flagged portal.
  7965 | D:7      | Identified the +11 hand axe of Muakizok {pain, rPois Int+9
                  | Stlth-}
  7967 | D:7      | Identified the +1 hand axe "Jiklofaf" {venom, +Blink Will-
                  | Dex+4 SInv}
  8183 | Bailey   | Entered a bailey
  8240 | Bailey   | Reached skill level 1 in Invocations
  8240 | Bailey   | Reached XP level 10. HP: 55/80 MP: 10/10
  8641 | Bailey   | Reached skill level 5 in Invocations
  8900 | Bailey   | Noticed a vault guard
  8937 | Bailey   | Killed a vault guard
  8955 | Bailey   | Noticed a vault guard
  8981 | Bailey   | Killed a vault guard
  9109 | D:7      | Found a large runed translucent door.
  9110 | D:7      | Found a large runed translucent door.
  9995 | D:7      | Reached XP level 11. HP: 86/86 MP: 15/15
 10001 | D:7      | Found a broken altar of Ashenzari.
 10004 | D:7      | Found an opulent altar of Gozag.
 10581 | D:8      | Found a burning altar of Makhleb.
 10764 | D:8      | Noticed a cyclops
 10781 | D:8      | Killed a cyclops
 10948 | D:8      | Noticed Maurice
 11279 | D:8      | Killed Maurice
 11905 | D:9      | Noticed Joseph
 11946 | D:9      | Killed Joseph
 12877 | D:9      | Noticed Gastronok
 12929 | D:9      | Killed Gastronok
 12930 | D:9      | Reached skill level 10 in Fighting
 13337 | D:10     | Entered Level 10 of the Dungeon
 13655 | D:10     | Reached *** piety under Zin
 13918 | D:10     | Reached skill level 5 in Throwing
 13934 | D:10     | Noticed a two-headed ogre
 13970 | D:10     | Killed a two-headed ogre
 13971 | D:10     | Reached XP level 12. HP: 67/97 MP: 17/17
 14746 | D:10     | Found a staircase to the Orcish Mines.
 14759 | Abyss:2  | Cast into level 2 of the Abyss (a wizard)
 14795 | Abyss:2  | Noticed a starcursed mass
 14819 | Abyss:3  | Noticed a tentacled starspawn
 14859 | Abyss:3  | Noticed a tentacled starspawn
 14904 | Abyss:3  | Noticed a shard shrike simulacrum
 14905 | Abyss:3  | Noticed a balrug
 14908 | Abyss:3  | Zin protects you from harm!
 14909 | Abyss:3  | HP: 7/145 [harpy simulacrum[a necromancer] (9)]
 14909 | Abyss:3  | Slain by a harpy simulacrum

Illustrated notes

Levels and vault maps discovered:
D:1:      saegor_arrival_simple_d, layout_basic,
          hellmonk_ecumenical_altar_leap_of_faith, serial_park_tiny_2
D:2:      layout_basic
D:3:      layout_loops_ring, nicolae_uskayaw_suspiria, ebering_ghost_gozag,
          kennysheep_cluttered_room, kennysheep_generic_room_3
D:4:      layout_basic, minmay_temple_entry_glassed_door, minmay_puff,
          uniq_pikel, uniq_eustachio
D:5:      layout_loops_cross, uniq_prince_ribbit1
D:6:      layout_basic, chequers_temple_overflow_minitemple
D:7:      layout_cave_pools, jmf_multi_god_temple2, enter_bailey_2,
          serial_park_tiny_2
D:8:      layout_loops_cross, mainiacjoe_overflow_cross_hatched,
          minmay_sticks_and_stones, uniq_maurice
D:9:      layout_loops_corners, uniq_joseph, uniq_gastronok
D:10:     minmay_the_grid_triangle_9x9_recursive_2_mashed
          [minmay_the_grid_triangle_9x9_prize_insulated,
          minmay_the_grid_triangle_9x9_stretched_checkered,
          minmay_the_grid_triangle_9x9_tough_junction,
          minmay_the_grid_triangle_9x9_alien], layout_layer_cave, orc_0_dummy
Temple:   minmay_temple_curvy_branch
Abyss:3:  base: D:10, bh_abyss_exit_spiral, hangedman_abyss_sting

Skill      XL: |  1  2  3  4  5  6  7  8  9 10 11 12 |
---------------+-------------------------------------+-----
Polearms       | 5 6 7 8 10 12 13 14 | 14.0
Dodging        | 8 10 12 14 | 14.0
Fighting       | 8 10 | 10.0
Invocations    | 1 6 7 8 |  8.8
Throwing       | 5 |  5.0

Action                   |  1- 3 |  4- 6 |  7- 9 | 10-12 || total
-------------------------+-------+-------+-------+-------++-------
Melee: Trident           |    98 |   183 |   286 |   460 ||  1027
       Punch             |       |     1 |     4 |     4 ||     9
       Tailslap          |       |       |     5 |     2 ||     7
       Scimitar          |       |       |       |     1 ||     1
Throw: Throwing net      |     2 |       |       |     2 ||     4
       Stone             |     8 |       |       |       ||     8
       Dart              |       |     3 |     1 |    83 ||    87
       Boomerang         |       |       |    50 |    19 ||    69
       Javelin           |       |       |     1 |     1 ||     2
Invok: Vitalisation      |       |       |     2 |     4 ||     6
       Recite            |       |       |     1 |     6 ||     7
       Imprison          |       |       |       |     1 ||     1
  Use: Scroll            |       |     1 |     3 |     5 ||     9
       Potion            |       |       |       |     2 ||     2
 Stab: Sleeping          |       |     1 |     3 |     1 ||     5
       Held in net/web   |       |       |       |     1 ||     1
Armor: Leather armour    |    24 |    46 |    29 |    41 ||   140
       Skin              |       |       |       |     1 ||     1
Dodge: Dodged            |    48 |    96 |   151 |   200 ||   495
